 Dungeon Crawl Stone Soup version 0.22-a0-322-g60b3cfd (webtiles) character file.

28322 4thArraOfDagon the Severer (level 13, -10/105 HPs)
             Began as a Hill Orc Air Elementalist on Apr 3, 2018.
             Was an Elder of Beogh.
             Mangled by a harpy simulacrum (11 damage)
             ... on level 15 of the Dungeon.
             The game lasted 00:42:19 (10610 turns).

4thArraOfDagon the Severer (HOAE)                  Turns: 10610, Time: 00:42:21

Health: -10/105    AC:  8    Str: 16    XL:     13   Next: 38%
Magic:  23/23      EV: 14    Int: 19    God:    Beogh [****..]
Gold:   897        SH:  0    Dex: 11    Spells: 14/15 levels left

rFire    . . .     SeeInvis .   L - +5 morningstar (freeze)
rCold    . . .     Gourm    .   (no shield)
rNeg     . . .     Faith    .   Q - +0 troll leather armour
rPois    .         Spirit   .   q - +1 helmet
rElec    .         Reflect  .   (no cloak)
rCorr    .         Harm     .   (no gloves)
MR       .....                  p - +0 pair of boots
Stlth    +.........             m - amulet of magic regeneration
HPRegen  0.67/turn              o - +3 ring of evasion
MPRegen  0.43/turn              V - +4 ring of strength

@: hasted, very quick
A: blink, sense surroundings 1, evolution 1
a: Blink, Smiting, Recall Orcish Followers, Renounce Religion


You were on level 15 of the Dungeon.
You worshipped Beogh.
Beogh was greatly pleased with you.
You were not hungry.

You visited 1 branch of the dungeon, and saw 15 of its levels.

You collected 897 gold pieces.

Inventory:

Hand Weapons
 g - a +0 hand axe
 L - a +5 morningstar of freezing (weapon)
 M - the +6 falchion "Jaufeuw" {venom, Stlth+, unknown}
   (You found it on level 15 of the Dungeon)

   It poisons the flesh of those it strikes.
   It makes you more stealthy.
 R - a +2 war axe
 W - a +0 blowgun
Missiles
 E - 15 curare-tipped needles
Armour
 a - a +0 robe
 f - a +0 ring mail
 k - the +3 robe of Minor Irritation {+Inv rC- rN+ Dex+2}
   (You found it on level 7 of the Dungeon)

   It affects your dexterity (+2).
   It makes you vulnerable to cold.
   It protects you from negative energy.
   It lets you turn invisible.
 n - a +2 buckler
 p - a +0 pair of boots (worn)
 q - a +1 helmet (worn)
 t - a +0 scale mail
 z - a +0 ring mail
 D - the +4 ring mail "Haroczup" {+Fly rPois Str-2 Int+9, unknown}
   (You took it off an orc warrior on level 15 of the Dungeon)

   It affects your strength (-2).
   It affects your intelligence (+9).
   It protects you from poison.
   It lets you fly.
 H - a +3 plate armour of cold resistance
 Q - a +0 troll leather armour (worn)
 X - a +0 buckler of positive energy
 Y - the +3 chain mail of Cemm {SInv}
   (You found it on level 15 of the Dungeon)

   It lets you see invisible.
 Z - the cursed +1 leather armour of Ytab {*Corrode rPois rC+ Str+3, unknown}
   (You found it on level 11 of the Dungeon)

   It affects your strength (+3).
   It protects you from cold.
   It protects you from poison.
   It may corrode you when you take damage.
   It has a curse placed upon it.
Magical Staves
 h - an uncursed staff of poison
Jewellery
 d - an uncursed ring of fire
 i - an uncursed ring of positive energy
 j - an uncursed ring of see invisible
 m - an amulet of magic regeneration (around neck)
 o - a +3 ring of evasion (left hand)
 O - an uncursed ring of protection from cold
 V - a +4 ring of strength (right hand)
Wands
 G - a wand of iceblast (1)
 I - a wand of digging (13)
 J - a wand of flame (29)
 N - a wand of disintegration (13)
Scrolls
 b - 5 scrolls of enchant armour
 e - a scroll of noise
 l - 3 scrolls of immolation {unknown}
 s - 3 scrolls of fear {unknown}
 u - 2 scrolls of enchant weapon {unknown}
 v - 2 scrolls of blinking {unknown}
 y - 3 scrolls of magic mapping {unknown}
 U - 3 scrolls of amnesia {unknown}
Potions
 w - 2 potions of ambrosia
 x - a potion of magic
 F - a potion of curing
 P - a potion of brilliance
 T - 2 potions of flight
Comestibles
 c - 25 rations


   Skills:
 - Level 7.0 Fighting
 * Level 20.7 Axes
 - Level 6.3 Armour
 - Level 1.5 Dodging
 - Level 1.5 Stealth
 - Level 1.5 Spellcasting
 - Level 1.2 Conjurations
 - Level 2.5 Air Magic
 - Level 13.4 Invocations


You had 14 spell levels left.
You knew the following spells:

 Your Spells              Type           Power        Failure   Level  Hunger
a - Shock                 Conj/Air       #...         10%         1    ##.....


Dungeon Overview and Level Annotations

Branches:
Dungeon (15/15)            Temple (0/1) D:6            Lair (0/6) D:8
    Orc (0/2) D:12         Depths (0/5) D:15
 Vaults: D:13-14

Altars:
Dithmenos
Elyvilon
Gozag
Hepliaklqana
Kikubaaqudgha
Nemelex Xobeh
Okawaru
Ru
Sif Muna
Trog
Vehumet
Wu Jian
Xom
Yredelemnul
The Shining One

Shops:
D:4 %

Annotations:
D:3 Vajrapani's ghost, novice OpWn
D:7 Duvessa
D:13 Nergalle


Innate Abilities, Weirdness & Mutations

You can translocate small distances at will.
You passively map a small area around you.
You evolve.


Message History

The stone closely misses you.
An orc priest comes into view. It is wielding a mace of protection.
Unknown command.
Unknown command.
Unknown command.
The harpy simulacrum claws you but does no damage.
The harpy simulacrum claws you! The harpy simulacrum freezes you!
* * * LOW HITPOINT WARNING * * *
The harpy simulacrum misses you. The harpy simulacrum claws you.
* * * LOW HITPOINT WARNING * * *
The harpy simulacrum freezes you!
* * * LOW HITPOINT WARNING * * *
Unknown command.
Unknown command.
Unknown command.
The queen bee stings you but does no damage.
The harpy simulacrum claws you!
* * * LOW HITPOINT WARNING * * *
The harpy simulacrum freezes you!
You die...

......9..
..Z * * *
.......,,...
,..9.###....
* *
#(o.y.o....,
* #.#*
##.... , #.#
...... *
#.###......
#......≈≈≈.
#.@y..≈≈≈≈.
..≈
##OZ..≈≈.≈≈
, #.≈≈
#......≈≈≈
#.≈≈
#...Z..≈≈≈,
#.§.
#..≈≈o..≈≈
,, ...
#..≈≈h...≈ *
.§
#..≈≈.∩..≈
#.
#..≈≈...o≈
#.
#..≈≈...≈≈,
* #.


You could see a queen bee, an orc warrior, an ogre, a wolf, an orc priest, a
harpy simulacrum and a redback simulacrum.

Vanquished Creatures
  Nessos (D:13)
  2 hydras
  An ogre mage (D:15)
  A tengu warrior (D:15)
  2 two-headed ogres (D:15)
  The ghost of Fingolfin the Cleaver, a novice NaFi (D:8)
  The ghost of Nib the Covert, a novice OpAs of Okawaru (D:9)
  A sixfirhy (D:7)
  A deep elf mage (D:14)
  A necromancer (D:15)
  A wolf spider zombie (D:15)
  2 manticores (D:15)
  An orc knight (D:15)
  2 ugly things
  A cyclops (D:13)
  A gargoyle (D:15)
  3 trolls
  2 tengu conjurers (D:13)
  A harpy zombie (D:13)
  2 wolf spider simulacra (D:15)
  A harpy skeleton (D:15)
  A hippogriff (D:15)
  Sigmund (D:4)
  A shadow (D:13)
  A centaur simulacrum (D:15)
  3 yaks
  2 hungry ghosts (D:12)
  3 vampire mosquitoes (D:13)
  Menkaure (D:6)
  A soldier ant (D:12)
  4 orc warriors
  2 hornet zombies
  4 ice beasts
  3 sky beasts
  A necrophage (D:9)
  A phantom (D:12)
  7 ogres
  A wolf (D:15)
  9 bullfrogs
  A water moccasin zombie (D:7)
  A scorpion (D:8)
  Dowan (D:7)
  A troll zombie (D:12)
  6 wights
  5 howler monkeys
  4 crimson imps
  A bullfrog zombie (D:6)
  3 centaur zombies
  4 hounds
  A quasit (D:5)
  2 orc priests (D:6)
  A bullfrog skeleton (D:5)
  3 centaur skeletons
  4 iguanas
  13 orc wizards
  3 worker ants
  2 ogre zombies (D:12)
  A mummy (D:9)
  A hound skeleton (D:9)
  2 worker ant zombies
  7 adders
  A howler monkey skeleton (D:6)
  2 shadow imps
  4 white imps
  2 ufetubi (D:15)
  3 oozes
  An adder skeleton (D:6)
  2 worms (D:2)
  A dart slug (D:2)
  6 leopard geckos
  23 orcs
  4 bats
  11 giant cockroaches
  12 goblins
  2 hobgoblins
  11 jackals
  5 quokkas
  4 ball pythons
  3 frilled lizards
  2 goblin skeletons
  5 goblin zombies
  4 hobgoblin zombies
  6 kobolds
  2 kobold skeletons (D:7)
  4 orc skeletons
  4 orc zombies
  4 rats
270 creatures vanquished.

Vanquished Creatures (collateral kills)
  Josephine (D:11)
  The ghost of Fingolfin the Thaumaturge, a journeyman NaWz of Sif Muna (D:12)
  4 two-headed ogres
  A tengu warrior (D:13)
  Sonja (D:11)
  3 skeletal warriors (D:13)
  3 ugly things
  A cyclops (D:13)
  A centaur zombie (D:12)
  A centaur skeleton (D:11)
  A gargoyle (D:12)
  A tengu conjurer (D:13)
  4 trolls
  A hornet (D:9)
  A hippogriff (D:11)
  A centaur simulacrum (D:15)
  2 wyverns
  6 yaks
  A golden eye (shapeshifter) (D:11)
  4 wraiths
  2 hungry ghosts
  2 soldier ants (D:9)
  A water moccasin (D:11)
  2 black bears (D:11)
  2 orc warriors
  A sky beast (D:13)
  A hornet zombie (D:9)
  3 necrophages
  3 ice beasts
  4 ogres
  3 centaurs
  A bullfrog (D:11)
  A scorpion (D:8)
  17 wights
  A howler monkey (D:12)
  2 crimson imps (D:9)
  4 jellies
  2 orc priests (D:9)
  2 hounds
  2 iguanas
  An orc wizard (D:8)
  3 ogre zombies (D:12)
  A mummy (D:9)
  A howler monkey zombie (D:9)
  A howler monkey skeleton (D:10)
  3 adders
  2 shadow imps
  A worm (D:9)
  8 orcs
  A giant cockroach (D:8)
  A quokka (D:11)
  A goblin zombie (D:12)
  A hobgoblin zombie (D:12)
  An orc skeleton (D:12)
  9 orc zombies (D:12)
130 creatures vanquished.

Vanquished Creatures (others)
  2 orc knights (D:13)
  An orc sorcerer (D:15)
  Nergalle (D:13)
  4 orc warriors
  6 orc wizards
  A centaur skeleton (D:7)
  7 orc priests
  17 orcs
  A goblin skeleton (D:7)
  A kobold zombie (D:7)
  An orc skeleton (D:7)
42 creatures vanquished.

Grand Total: 442 creatures vanquished

Notes
Turn   | Place    | Note
-------+----------+-------------------------------------------
     0 | D:1      | 4thArraOfDagon the Hill Orc Air Elementalist began the quest for the Orb.
     0 | D:1      | Reached XP level 1. HP: 14/14 MP: 3/3
   287 | D:2      | Reached skill level 1 in Axes
   287 | D:2      | Reached XP level 2. HP: 14/22 MP: 0/4
   355 | D:2      | Reached skill level 1 in Fighting
   398 | D:2      | Reached skill level 1 in Armour
   420 | D:2      | Reached XP level 3. HP: 17/28 MP: 5/5
   490 | D:3      | Reached skill level 2 in Axes
   898 | D:3      | Noticed Vajrapani's ghost (novice OpWn)
   986 | D:4      | Noticed Sigmund
   999 | D:5      | Entered Level 5 of the Dungeon
  1022 | D:5      | Noticed an ogre
  1027 | D:5      | Found an opulent altar of Gozag.
  1040 | D:5      | Killed an ogre
  1040 | D:5      | Reached skill level 3 in Axes
  1040 | D:5      | Reached XP level 4. HP: 33/37 MP: 6/6
  1040 | D:5      | Reached XP level 5. HP: 37/42 MP: 7/7
  1097 | D:5      | Found an iron altar of Okawaru.
  1112 | D:5      | Found a hazy altar of Hepliaklqana.
  1198 | D:5      | Found an ornate altar of the Wu Jian Council.
  1351 | D:5      | Reached skill level 4 in Axes
  1506 | D:4      | Noticed an ogre
  1629 | D:6      | Noticed an ogre
  1852 | D:5      | Found an ancient bone altar of Kikubaaqudgha.
  1857 | D:5      | Found a deep blue altar of Sif Muna.
  1859 | D:5      | Found a radiant altar of Vehumet.
  1863 | D:5      | Identified Sif Muna's Collected Works on Execration
  1874 | D:5      | Noticed an ogre
  2053 | D:4      | Killed an ogre
  2053 | D:4      | Reached skill level 5 in Axes
  2053 | D:4      | Reached XP level 6. HP: 47/51 MP: 8/8
  2548 | D:4      | Gained mutation: You are clumsy. (Dex -2) [potion of mutation]
  2548 | D:4      | Gained mutation: You have an increased reservoir of magic. (+10% MP) [potion of mutation]
  2780 | D:6      | Noticed an ice beast
  2784 | D:6      | Noticed Menkaure
  2806 | D:7      | Became a worshipper of Beogh the Brigand
  2809 | D:7      | Found a glowing golden altar of the Shining One.
  2891 | D:7      | Found a shimmering altar of Xom.
  2892 | D:7      | Found a shimmering altar of Xom.
  2916 | D:7      | Noticed an orc warrior
  2917 | D:7      | Reached * piety under Beogh
  2938 | D:6      | Reached skill level 6 in Axes
  2938 | D:6      | Reached skill level 1 in Invocations
  2944 | D:6      | Reached XP level 7. HP: 30/58 MP: 10/10
  3167 | D:4      | Killed Sigmund
  3167 | D:4      | Reached skill level 7 in Axes
  3207 | D:4      | Reached XP level 8. HP: 60/67 MP: 11/11
  3642 | D:1      | Reached ** piety under Beogh
  3741 | D:2      | Found a sacrificial altar of Ru.
  4323 | D:4      | Found an opulent altar of Gozag.
  4374 | D:4      | Found Bosearhu's Food Shop.
  4664 | D:6      | Killed Menkaure
  4664 | D:6      | Reached skill level 5 in Fighting
  4664 | D:6      | Reached skill level 8 in Axes
  4884 | D:6      | Found a staircase to the Ecumenical Temple.
  4956 | D:6      | Reached skill level 5 in Armour
  4968 | D:6      | Reached skill level 9 in Axes
  5029 | D:6      | Reached skill level 5 in Invocations
  5029 | D:6      | Reached XP level 9. HP: 50/75 MP: 14/14
  5440 | D:7      | Noticed Dowan
  5494 | D:7      | Killed Dowan
  5494 | D:7      | Reached skill level 10 in Axes
  5562 | D:7      | Noticed Duvessa
  5654 | D:7      | Found a sparkling altar of Nemelex Xobeh.
  5679 | D:7      | Got a warped robe
  5705 | D:7      | Found a white marble altar of Elyvilon.
  5719 | D:7      | Noticed a sixfirhy
  5730 | D:7      | Found a runed door.
  5787 | D:7      | Killed a sixfirhy
  5787 | D:7      | Reached *** piety under Beogh
  5810 | D:8      | Identified the +3 robe of Minor Irritation {+Inv rC- rN+ Dex+2} (You found it on level 7 of the Dungeon)
  5891 | D:8      | Gained Bogrim as an ally
  5891 | D:8      | Reached skill level 11 in Axes
  6024 | D:8      | Found a basalt altar of Yredelemnul.
  6026 | D:8      | Found a staircase to the Lair.
  6050 | D:8      | Reached XP level 10. HP: 48/86 MP: 16/16
  6066 | D:8      | Found a shadowy altar of Dithmenos.
  6069 | D:8      | Noticed Fingolfin's ghost (novice NaFi)
  6079 | D:8      | Killed Fingolfin's ghost
  6079 | D:8      | Reached skill level 12 in Axes
  6092 | D:8      | Noticed a two-headed ogre
  6097 | D:8      | Killed a two-headed ogre
  6147 | D:8      | Noticed a two-headed ogre
  6154 | D:8      | Killed a two-headed ogre
  6154 | D:8      | Reached skill level 13 in Axes
  6291 | D:9      | Noticed Nib's ghost (novice OpAs)
  6303 | D:9      | Killed Nib's ghost
  6311 | D:9      | Reached skill level 14 in Axes
  6603 | D:9      | Reached **** piety under Beogh
  6722 | D:9      | Reached XP level 11. HP: 38/92 MP: 20/20
  6726 | D:9      | Paralysed by a hornet for 1 turns
  6726 | D:9      | Reached skill level 10 in Invocations
  6970 | D:10     | Entered Level 10 of the Dungeon
  7219 | D:10     | Reached ***** piety under Beogh
  7503 | D:11     | Reached skill level 15 in Axes
  7508 | D:11     | Noticed a green ugly thing
  7514 | D:11     | Noticed a two-headed ogre
  7516 | D:11     | Killed a green ugly thing
  7520 | D:11     | Killed a two-headed ogre
  7549 | D:11     | Noticed a white ugly thing
  7553 | D:11     | Killed a white ugly thing
  7570 | D:11     | Found a bloodstained altar of Trog.
  7637 | D:11     | Noticed Sonja
  7640 | D:11     | Killed Sonja
  7647 | D:11     | Lost mutation: You have an increased reservoir of magic. (+10% MP) [potion of mutation]
  7647 | D:11     | Lost mutation: You are clumsy. (Dex -2) [potion of mutation]
  7647 | D:11     | Gained mutation: You passively map a small area around you. [potion of mutation]
  7647 | D:11     | Gained mutation: You evolve. [potion of mutation]
  7662 | D:11     | Noticed a red ugly thing
  7668 | D:11     | Killed a red ugly thing
  7701 | D:11     | Noticed Josephine
  7711 | D:11     | Killed Josephine
  7711 | D:11     | Reached skill level 16 in Axes
  7880 | D:11     | Noticed Nergalle
  7927 | D:11     | Got a twisted leather armour
  7962 | D:12     | Noticed a brown ugly thing
  7967 | D:12     | Killed a brown ugly thing
  8086 | D:12     | Noticed Fingolfin's ghost (journeyman NaWz)
  8100 | D:12     | Killed Fingolfin's ghost
  8100 | D:12     | Gained Grimold as an ally
  8181 | D:12     | Reached XP level 12. HP: 90/99 MP: 19/21
  8218 | D:12     | Reached skill level 17 in Axes
  8443 | D:12     | Found a staircase to the Orcish Mines.
  8713 | D:13     | Noticed a tengu warrior
  8719 | D:13     | Killed a tengu warrior
  8808 | D:13     | Noticed Nessos
  8820 | D:13     | Killed Nessos
  8837 | D:13     | Noticed a four-headed hydra
  8846 | D:13     | Your ally Bogrim died
  8847 | D:13     | Your ally died
  8851 | D:13     | Killed a four-headed hydra
  8862 | D:13     | Reached skill level 18 in Axes
  8866 | D:13     | Your ally Grimold died
  9581 | D:15     | Entered Level 15 of the Dungeon
  9598 | D:15     | Noticed a tengu warrior
  9688 | D:15     | Killed a tengu warrior
  9688 | D:15     | Reached skill level 19 in Axes
  9843 | D:15     | Found a staircase to the Depths.
  9843 | D:15     | Noticed a fire giant
  9935 | D:15     | Reached XP level 13. HP: 105/105 MP: 14/23
 10020 | D:15     | Got a brightly glowing ring mail
 10069 | D:15     | Noticed an ogre mage
 10090 | D:15     | Reached skill level 20 in Axes
 10240 | D:15     | Got a fine falchion
 10358 | D:14     | Gained mutation: You can translocate small distances at will. [evolution]
 10429 | D:15     | Got a polished chain mail
 10431 | D:15     | Identified the +3 chain mail of Cemm {SInv} (You found it on level 15 of the Dungeon)
 10610 | D:15     | HP: 1/105 [harpy simulacrum (9)]
 10610 | D:15     | Mangled by a harpy simulacrum

Vault maps used:
D:1:      tarquinn_simple_flora_water_d
D:2:      nicolae_ru_sacrificial_ziggurat
D:3:      minmay_roachtagon, lemuel_coloured_pillars_altar, first_ration
D:4:      serial_shops, shop, nicolae_gozag_cash_rules_everything_around_me,
          uniq_sigmund
D:5:      grunt_temple_overflow_magic_moments,
          nicolae_overflow_quartered_altars, roderic_lattice_a
D:6:      temple_pool_b, uniq_menkaure
D:7:      cheibrodos_shockbox, elyvilon_altar_1, lemuel_crystal_altar,
          xom_redecorated, nicolae_tso_besieged_by_evil, uniq_duvessa
D:8:      old_standard_altar, lair_entry_dummy, basic_altar
D:9:      serial_undead, serial_undead_c, serial_undead_b, serial_undead_a,
          serial_undead_c, hangedman_pestilent_swarm
D:10:     serial_glass, glass_columns_a, glass_columns_b
D:11:     kennysheep_diamond, minmay_ruined_shrine, uniq_sonja, uniq_nergalle,
          uniq_josephine
D:12:     zombieorc1_lemuel, enter_trove_6
D:13:     lightli_vaults_fourway_checkpoint, uniq_nessos
D:14:     serial_shops, shop, minmay_misc_feat_columns
D:15:     grunt_enter_depths_giant_problem, small_statue_intersection,
          serial_ice, serial_ice_o, serial_ice_i, serial_ice_g, serial_ice_h,
          serial_ice_d, serial_ice_a, serial_ice_e, serial_ice_b

Skill      XL: |  1  2  3  4  5  6  7  8  9 10 11 12 13 |
---------------+----------------------------------------+-----
Axes           | 1 3 5 6 7 9 11 14 16 19 20 | 20.7
Fighting       | 1 2 3 4 5 7 |  7.0
Armour         | 1 2 3 4 5 6 |  6.3
Invocations    | 1 3 5 7 9 12 13 | 13.4
Dodging        | |  1.5
Stealth        | |  1.5
Spellcasting   | |  1.5
Conjurations   | |  1.2
Air Magic      | |  2.5

Action                   |  1- 3 |  4- 6 |  7- 9 | 10-12 | 13-15 || total
-------------------------+-------+-------+-------+-------+-------++-------
Melee: Hand axe          |    94 |   327 |   495 |       |       ||   916
       Unarmed           |     2 |       |       |       |       ||     2
       Morningstar       |       |       |     9 |   109 |    47 ||   165
       War axe           |       |       |       |   367 |    38 ||   405
 Cast: Shock             |    11 |       |       |       |       ||    11
Invok: Convert to Beogh  |       |     1 |       |       |       ||     1
       Smiting           |       |       |     1 |     8 |    14 ||    23
       Recall Orcish Fol |       |       |       |     3 |       ||     3
       Stop Recall       |       |       |       |     2 |       ||     2
Evoke: Wand              |       |     2 |    21 |    31 |     8 ||    62
  Use: Potion            |     4 |     4 |       |     9 |     3 ||    20
       Scroll            |     2 |     1 |     9 |    11 |     3 ||    26
 Stab: Distracted        |       |     1 |     1 |     3 |       ||     5
       Sleeping          |       |     1 |       |     1 |       ||     2
       Paralysed         |       |       |       |    11 |       ||    11
       Confused          |       |       |       |     1 |       ||     1
  Eat: Ration            |       |     2 |     1 |       |     1 ||     4
       Chunk             |       |     3 |     7 |    14 |       ||    24
Armor: Ring mail         |    34 |   134 |   103 |       |       ||   271
       Robe              |     1 |       |       |       |       ||     1
       Scale mail        |       |       |    14 |       |       ||    14
       Plate armour      |       |       |   139 |    81 |       ||   220
       Troll leather arm |       |       |       |    96 |    24 ||   120
       Skin              |       |       |       |     6 |       ||     6
Dodge: Dodged            |    63 |   255 |   269 |   267 |    69 ||   923

Table legend:
 A = Spawn XP
 B = Non-spawn XP
 C = Spawn XP percentage of total XP
 D = Spawn monster count
 E = Non-spawn monster count
 F = Spawn count percentage of total count
 G = Total turns spent on level
                    A         B        C        D         E        F      G
               +---------+---------+-------+---------+---------+-------+---------
         Total |       0 |   40461 |   0.0 |       0 |     399 |   0.0 | 10610
               +---------+---------+-------+---------+---------+-------+---------
           D:1 |       0 |      32 |   0.0 |       0 |      16 |   0.0 |   549
           D:2 |       0 |      92 |   0.0 |       0 |      25 |   0.0 |   826
           D:3 |       0 |      83 |   0.0 |       0 |      27 |   0.0 |   956
           D:4 |       0 |     468 |   0.0 |       0 |      11 |   0.0 |   857
           D:5 |       0 |     490 |   0.0 |       0 |      12 |   0.0 |  1307
           D:6 |       0 |    1530 |   0.0 |       0 |      35 |   0.0 |   733
           D:7 |       0 |    1246 |   0.0 |       0 |      31 |   0.0 |   580
           D:8 |       0 |    2883 |   0.0 |       0 |      38 |   0.0 |   592
           D:9 |       0 |    3009 |   0.0 |       0 |      33 |   0.0 |   572
          D:10 |       0 |     834 |   0.0 |       0 |      18 |   0.0 |   514
          D:11 |       0 |    5645 |   0.0 |       0 |      40 |   0.0 |   472
          D:12 |       0 |    3480 |   0.0 |       0 |      45 |   0.0 |   646
          D:13 |       0 |    7554 |   0.0 |       0 |      28 |   0.0 |   781
          D:14 |       0 |    1665 |   0.0 |       0 |       6 |   0.0 |   318
          D:15 |       0 |   11450 |   0.0 |       0 |      34 |   0.0 |   907
               +---------+---------+-------+---------+---------+-------+---------
